 Dungeon Crawl Stone Soup version 0.20.1-1-g8b1a95d (webtiles) character file.

593365 Jazqa the Slayer (level 27, -5/216 HPs)
             Began as a Hill Orc Berserker on Oct 25, 2017.
             Was a High Priest of Trog.
             Slain by an Orb Guardian (27 damage)
             ... on level 5 of the Realm of Zot.
             The game lasted 02:42:13 (66434 turns).

Jazqa the Slayer (Hill Orc Berserker)              Turns: 66434, Time: 02:42:14

Health: -5/216     AC: 41    Str: 38      XL:     27
Magic:  23/23      EV: 23    Int:  3 (4)  God:    Trog [*****.]
Gold:   3023       SH: 24    Dex: 19      Spells: 26/26 levels left

rFire    + + +     SeeInvis .   Q - +9 demon whip (vamp)
rCold    + . .     Gourm    +   d - +5 shield {AC+3}
rNeg     + + .     Faith    .   W - +2 plate armour "Xuudowy" {Dex+3 Stlth+}
rPois    +         Spirit   .   m - +2 hat {MR+}
rElec    .         Reflect  .   O - scarf {rC+ rF+}
rCorr    .         Harm     .   r - +5 pair of gloves of the Planets {+Inv Str+4 Slay+3}
MR       ++++.                  i - +2 pair of boots
Stlth    ..........             y - amulet "Keczuwolo" {Gourm rN++ Str+2 Dex-3}
Regen    0.5/turn               R - ring "Axaer" {Fire rPois Str+6 Int-3 Stlth+}
MPRegen  0.2/turn               z - ring "Doux Tuifuc" {Wiz rF+ MR+ Str+2}

@: about to teleport, studying Axes
A: fangs 1, iridescent scales 1, cold resistance 1, deterioration 1, frail 2,
screaming 2, MP-powered wands
}: 3/15 runes: serpentine, barnacled, silver
a: Berserk, Trog's Hand, Brothers in Arms, Burn Spellbooks, Renounce Religion,
Evoke Invisibility


You were on level 5 of the Realm of Zot.
You worshipped Trog.
Trog was extremely pleased with you.
You were very full.

You visited 8 branches of the dungeon, and saw 46 of its levels.
You visited 2 bazaars.
You also visited: Ice Cave.

You collected 6932 gold pieces.
You spent 3909 gold pieces at shops.


Innate Abilities, Weirdness & Mutations

You have very sharp teeth.
You are partially covered in iridescent scales. (AC +2)
Your flesh is cold resistant. (rC+)
Your body sometimes deteriorates upon taking damage.
You are very frail. (-20% HP)
You sometimes yell uncontrollably at your foes.
You expend magic power (3 MP) to strengthen your wands.


   Skills:
 + Level 26.6 Fighting
 - Level 17.0 Maces & Flails
 + Level 23.8 Armour
 + Level 18.6 Dodging
 + Level 21.9 Shields


You had 26 spell levels left.
You didn't know any spells.

Inventory:

Hand Weapons
 Q - a +9 vampiric demon whip (weapon)
Armour
 c - +0 gold dragon scales
 d - a +5 shield of protection (worn)
 i - a +2 pair of boots (worn)
 m - a +2 hat of magic resistance (worn)
 p - the +1 plate armour "Defahu" {rElec rF+ rC- rN++}
   (You found it on level 15 of the Dungeon)

   It protects you from fire.
   It makes you vulnerable to cold.
   It insulates you from electricity.
   It greatly protects you from negative energy.
 r - the +5 pair of gloves of the Planets (worn) {+Inv Str+4 Slay+3}
   (You found it on level 6 of the Lair of Beasts)

   It affects your strength (+4).
   It affects your accuracy and damage with ranged weapons and melee attacks
   (+3).
   It lets you turn invisible.
 O - a scarf of resistance (worn)
 W - the +2 plate armour "Xuudowy" (worn) {Dex+3 Stlth+}
   (You bought it in a shop on level 1 of the Orcish Mines)

   It affects your dexterity (+3).
   It makes you more stealthy.
 Y - the +3 hat of Pleasant Breezes {rC+ Str+2}
   (You found it on level 1 of the Depths)

   It affects your strength (+2).
   It protects you from cold.
Jewellery
 v - an uncursed ring of see invisible
 y - the amulet "Keczuwolo" (around neck) {Gourm rN++ Str+2 Dex-3}
   (You took it off a merfolk on level 4 of the Shoals)

   [amulet of the gourmand]

   It allows you to eat raw meat even when not hungry.
   It affects your strength (+2).
   It affects your dexterity (-3).
   It greatly protects you from negative energy.
 z - the ring "Doux Tuifuc" (right hand) {Wiz rF+ MR+ Str+2}
   (You bought it in a shop on level 2 of the Vaults)

   [ring of wizardry]

   It improves your spell success rate.
   It affects your strength (+2).
   It protects you from fire.
   It affects your resistance to hostile enchantments.
 C - an uncursed ring of protection from cold
 E - a +1 ring of evasion
 L - an uncursed ring of flight
 R - the ring "Axaer" (left hand) {Fire rPois Str+6 Int-3 Stlth+}
   (You found it on level 11 of the Dungeon)

   [ring of fire]

   It enhances your fire magic.
   It affects your strength (+6).
   It affects your intelligence (-3).
   It protects you from fire.
   It makes you vulnerable to cold.
   It protects you from poison.
   It makes you more stealthy.
Wands
 g - a wand of digging (24/24)
 o - a wand of iceblast (15/15)
 t - a wand of clouds (7/9)
Scrolls
 a - 9 scrolls of fog
 f - 12 scrolls of teleportation {@r4}
 j - 3 scrolls of fear
 w - 18 scrolls of remove curse {@r2}
 x - 5 scrolls of magic mapping
 B - 2 scrolls of holy word
 H - 2 scrolls of acquirement
 K - a scroll of silence {!r}
 M - 3 scrolls of blinking
 U - 3 scrolls of identify {@r1}
Potions
 l - 2 potions of mutation {!q}
 n - 4 potions of agility
 q - 3 potions of invisibility
 A - 3 potions of haste {@q3}
 D - 3 potions of ambrosia
 F - 2 potions of magic
 J - 6 potions of cancellation
 N - 4 potions of resistance
 P - 19 potions of curing {@q1}
 X - 9 potions of lignification {!q}
Books
 G - a manual of Axes {!d}
Miscellaneous
 u - a fan of gales
Comestibles
 k - 17 meat rations {@e1}
 s - 35 royal jellies {@e3}
 T - 43 fruits {@e2}
 V - 27 bread rations {@e1}

Dungeon Overview and Level Annotations

Branches:
Dungeon (15/15)            Temple (0/1) D:5            Lair (6/6) D:11
 Shoals (4/4) Lair:2        Snake (4/4) Lair:2        Slime (0/5) Lair:6
    Orc (2/2) D:12            Elf (0/3) Orc:2        Vaults (5/5) D:14
  Crypt (0/3) Vaults:2     Depths (5/5) D:15            Zot (5/5) Depths:5

Altars:
Dithmenos
Elyvilon
Fedhas
Nemelex Xobeh
Vehumet
Xom
The Shining One

Shops:
D:8 }   Orc:1 %=[   Orc:2 =!:}   Shoals:3 (   Snake:3 ==}   Vaults:1 ?
Vaults:2 (*=(   Depths:5 *

Portals:
Hell: Depths:1 Depths:2 Depths:3 Depths:4 Depths:5
Abyss: Depths:2 Depths:3 Depths:4
Pandemonium: Depths:3
Ziggurat: Depths:4

Annotations:
D:13 exclusion: obsidian statue
Depths:2 exclusion: orange crystal statue
Zot:5 exclusion: orange crystal statue

*,,,,,,,,,,,,,,,,,,,,* *▒...
*,,,,,,,,,,,,,,,,,,,,* ▒....
*,,,,,,,,,,,,,,,,,,,,* *▒....
*,,,,,,,,,,,,,,,,,,,,***.....
**,,,,,,,,,,,,,,,,,,***,,.▒▒▒
**,,.,.,,,,,,,,,,,**,,,,**
**,....,,,,,,,,,,,,,,***
**.....▒▒█▒██████****
**,....X.X@.dD...███*
**,,......^✱✱ddX.....***
**,,,....^...Xzkd.....,,**
*,,,,.....✱8✱kkqk.....,,,* **
*,,,,............^....,,,***,
**,,,.................,,,**,,
**,,........d........,,,*,,,
**,.................,,,,,,,
**,,,,...............,,,*,,,


You could see 4 orbs of fire, an electric golem, 3 draconians, 2 draconians, a
death cob, a quicksilver dragon, a yellow draconian stormcaller, 4 Orb
Guardians, a death drake, 2 wind drakes and a swamp drake.


Message History

The fireball explodes!
The fireball engulfs you! You resist.
* * * LOW HITPOINT WARNING * * *
You hear a shout! x2; You hear a deafening roar!
You yell at the Orb Guardian!
You yell at the death cob! 3 Orb Guardians, an electric golem, 3 orbs of fire, 3 draconians and a death cob come into view.
You yell at the electric golem!
Unknown command.
As you read the scroll of teleportation {@r4}, it crumbles to dust.
You feel strangely unstable.
You feel the Orb delaying your translocation!
You found a blade trap!
You feel yourself slow down.
You feel a little less mighty now.
The electric golem crackles and sizzles.
You block the death cob's attack.
An Orb Guardian comes into view.
You found an alarm trap!
You block the death cob's attack.
The yellow draconian stormcaller utters an invocation to Qazlal.
You block the death cob's attack.
Unknown command.
Unknown command.
You block the death cob's attack.
You hear a blaring wail to the east.
You block the Orb Guardian's attack.
You hear a shout!
You hear a deafening roar!
You hear a shout! x2
You hear a chilling moan.
Unknown command.
You found an alarm trap!
You found an arrow trap!
You block the death cob's attack. x2; The Orb Guardian hits you!!
You die...

Skill      XL: |  1  2  3  4  5  6  7  8  9 10 11 12 13 14 15 16 17 18 19 20 21 22 23 24 25 26 |
---------------+-------------------------------------------------------------------------------+-----
Fighting       | 4 5 6 8 9 11 12 13 14 15 16 17 18 19 20 21 22 23 24 25 26 | 26.6
Maces & Flails | 4 5 6 7 8 10 11 12 13 14 15 16 17 | 17.0
Armour         | 4 5 7 9 10 12 13 14 15 16 17 18 19 20 21 22 23 | 23.8
Shields        | 1 5 7 9 10 11 13 14 15 16 17 18 19 20 21 | 21.9
Dodging        | 3 5 7 9 10 11 12 13 14 15 16 17 18 | 18.6

Action                   |  1- 3 |  4- 6 |  7- 9 | 10-12 | 13-15 | 16-18 | 19-21 | 22-24 | 25-27 || total
-------------------------+-------+-------+-------+-------+-------+-------+-------+-------+-------++-------
Melee: Mace              |   107 |   204 |    87 |       |   452 |   792 |       |       |       ||  1642
       Whip              |       |       |   307 |  1144 |   905 |       |       |       |       ||  2356
       Headbutt          |       |       |     9 |   150 |   272 |       |       |       |       ||   431
       Flail             |       |       |       |       |   453 |       |       |       |       ||   453
       Eveningstar       |       |       |       |       |   141 |   782 |  1606 |       |       ||  2529
       Demon whip        |       |       |       |       |       |     8 |   292 |  2710 |  2127 ||  5137
       Bite              |       |       |       |       |       |       |       |       |    95 ||    95
Invok: Berserk           |     2 |     7 |     9 |    10 |     7 |     2 |     3 |       |     1 ||    41
       Trog's Hand       |       |       |     1 |     3 |     4 |     4 |     2 |     4 |     5 ||    23
       Burn Spellbooks   |       |       |     1 |     1 |     3 |     2 |     2 |     4 |     1 ||    14
       Brothers in Arms  |       |       |       |     4 |     6 |    11 |     3 |     3 |     7 ||    34
 Abil: Evoke Flight      |       |       |       |       |       |     1 |       |       |       ||     1
Evoke: Wand              |       |       |       |       |       |       |       |     1 |       ||     1
  Use: Scroll            |     4 |     2 |     8 |    12 |    17 |    15 |    10 |    17 |    30 ||   115
       Potion            |       |       |     1 |     2 |     5 |    10 |     1 |     4 |    11 ||    34
 Stab: Distracted        |       |       |       |     1 |       |       |     3 |       |     2 ||     6
       Petrified         |       |       |       |       |     9 |       |       |       |       ||     9
       Petrifying        |       |       |       |       |     2 |       |       |       |       ||     2
  Eat: Chunk             |     3 |    15 |    16 |    27 |    41 |    47 |    43 |    26 |    38 ||   256
       Meat ration       |       |       |     1 |     2 |     2 |     1 |       |       |       ||     6
       Fruit             |       |       |       |     2 |       |       |       |       |       ||     2
       Royal jelly       |       |       |       |     1 |     1 |     2 |       |       |       ||     4
Armor: Leather armour    |    12 |       |       |       |       |       |       |       |       ||    12
       Ring mail         |    24 |    62 |   143 |    41 |       |       |       |       |       ||   270
       Plate armour      |       |       |       |   334 |   715 |   588 |   497 |   748 |   647 ||  3529
       Ice dragon scales |       |       |       |       |    53 |       |       |       |       ||    53
       Gold dragon scale |       |       |       |       |       |       |       |     3 |       ||     3
Dodge: Dodged            |    70 |   133 |   186 |   196 |   823 |   748 |   637 |  1032 |  1038 ||  4863
Block: Shield            |       |       |     6 |   561 |    22 |  1439 |  1496 |  2169 |  2092 ||  7785
       Reflection        |       |       |       |    23 |    22 |    63 |       |       |       ||   108
       Buckler           |       |       |       |       |   745 |       |       |       |       ||   745

Vault maps used:
D:1:      onia_arrival_mini_spirals
D:3:      nicolae_dithmenos_through_a_glass_darkly, first_bread, uniq_natasha
D:4:      cheibrodos_fertilizer, minmay_a_box_with_orc_wizards_in_it,
          uniq_robin, uniq_pikel
D:5:      minmay_temple_entry_enclosed_plants, uniq_menkaure, uniq_sigmund
D:6:      nicolae_overflow_crystal_walls, uniq_grinder
D:7:      basic_altar, grunt_livestock
D:8:      serial_shops, shop, st_stairs_1
D:9:      nemelex_altar_shiori, tso_altar
D:10:     fedhas_altar_decomposition, uniq_josephine
D:11:     lair_entry_dummy
D:12:     david_orc_1_choice, serial_shops, bzr_firewalk
D:13:     minmay_statue_bubble
D:14:     lightli_vaults_fourway_checkpoint, minmay_misc_feat_secret_circle
D:15:     gammafunk_enter_depths_forms, portal_ice_cave_entry_pillars_1,
          lab_entry_generic, minmay_misc_feat_enclosed
Lair:1:   lemuel_fruit_tree, grunt_megastairs_3, lemuel_fruit_fields,
          uniq_fannar, uniq_sonja
Lair:2:   shoals_dummy_entry, minmay_snake_entry_guardpost_medium, uniq_erica
Lair:5:   st_stairs_9, grunt_forest_large_clearings
Lair:6:   wormcave, hangedman_lair_caniforms_friends, minmay_slime_entry_pillars
Shoals:1: st_sunken_temple
Shoals:3: cheibrodos_shoals_oceanic_diplomacy, serial_shops, shop,
          uniq_bai_suzhen, uniq_donald
Shoals:4: shoals_end_grunt_ice, shoals_ilsuiw_alternative, uniq_polyphemus,
          uniq_aizul
Snake:1:  nicolae_large_snake_swirl, uniq_louise, uniq_nikola
Snake:2:  minmay_snake_river, nicolae_snake_double_loop
Snake:3:  hangedman_snake_corridor_cut, minmay_shop_grove,
          basic_stair_grate_trap
Snake:4:  snake_pit_salamanders_mu, serial_bayou_pond_b, uniq_vashnia
Orc:1:    serial_shops, shop, shop_fountains, shop, nicolae_shop_crystal, shop,
          nicolae_orc_crystal_geode
Orc:2:    st_orc_pillars, serial_shops, nicolae_shop_stone,
          statue_in_the_mist_lemuel, uniq_rupert
Vaults:1: nicolae_vaults_good_morning_starshine, vaults_dpeg_spiral,
          vaults_room_door_ring, nicolae_vaults_little_squares_1,
          vaults_dpeg_diagonal, hangedman_vaults_stream,
          vaults_room_grunt_arrival_ludios, serial_shops,
          nicolae_shop_waterfront
Vaults:2: v_misc_10, nicolae_vaults_windows_and_doors_thing,
          minmay_crypt_entry_simple_walls, vaults_mumra_minichess_inversion,
          nicolae_vaults_rhombus_6, grunt_vaults_swirl, st_hourglassy,
          ontoclasm_vaults_shuriken, vaults_dpeg_ring, serial_shops,
          freezing_bzr, shop, nicolae_shop_trees, shop, shop_fountains
Vaults:3: grunt_vaults_twisty, v_misc_24, vaults_mumra_chevron_long, v_rooms_6,
          grunt_vaults_focal, ontoclasm_vaults_idyll, ontoclasm_vaults_eye,
          nicolae_vaults_sealed_display, vaults_room_semicircle,
          nicolae_vaults_network_square, v_alt_pattern_2, uniq_saint_roka
Vaults:4: ontoclasm_vaults_hangar, dpeg_vaults_monster_box,
          ontoclasm_vaults_chip, hangedman_vaults_capsules, st_quartered_hall,
          v_misc_29, hangedman_vaults_restitches,
          nicolae_vaults_border_crossing, vaults_room_ringed_pool,
          vaults_dpeg_doors, grunt_vaults_hallway_short,
          nicolae_vaults_diagonal_hallway_9, uniq_boris
Depths:1: minmay_crystal_room, grunt_hell_horde, grunt_tower_of_power,
          firewood_loft
Depths:2: lemuel_river_lethe, pan_entry, serial_shops, abyss_entry, hell_entry
Depths:3: due_jory_tower, rand_demon_pan_entry_8, abyss_entry,
          grunt_decor_one_mirror, hell_entry, minmay_misc_feat_square,
          infiniplex_staircase_star, uniq_enchantress, uniq_xtahua, uniq_margery
Depths:4: minmay_concentric_multi, abyss_entry, hell_entry
Depths:5: evilmike_zot_entry_round, grunt_decor_clamped, serial_shops,
          shop_statue, hell_entry, uniq_mennas
Zot:1:    st_small_dragon_hoard_2, grunt_megastairs_5
Zot:3:    basic_stair_grate_trap
Zot:5:    hangedman_zot_decor_scrapings, st_stairs_7
Bazaar:   bazaar_minmay_cross, bazaar_short_row
IceCv:    ice_cave_tombish

Notes
Turn   | Place    | Note
-------+----------+-------------------------------------------
     0 | D:1      | Jazqa the Hill Orc Berserker began the quest for the Orb.
     0 | D:1      | Reached XP level 1. HP: 19/19 MP: 1/1
   153 | D:1      | Reached XP level 2. HP: 20/27 MP: 2/2
   154 | D:1      | Reached skill level 4 in Fighting
   776 | D:2      | Reached skill level 4 in Maces & Flails
   776 | D:2      | Reached XP level 3. HP: 34/34 MP: 3/3
   783 | D:2      | Reached ** piety under Trog
  1275 | D:2      | Reached XP level 4. HP: 33/41 MP: 4/4
  1393 | D:2      | Reached skill level 5 in Fighting
  1973 | D:3      | Noticed HammerPanzer's ghost (amateur DrBe)
  1985 | D:3      | Killed HammerPanzer's ghost
  1985 | D:3      | Reached skill level 5 in Maces & Flails
  1985 | D:3      | Reached XP level 5. HP: 49/49 MP: 5/5
  2198 | D:3      | Reached skill level 6 in Fighting
  2284 | D:3      | Reached XP level 6. HP: 42/57 MP: 6/6
  2449 | D:3      | Reached *** piety under Trog
  2943 | D:3      | Found a shadowy altar of Dithmenos.
  3262 | D:3      | Noticed Natasha
  3268 | D:3      | Killed Natasha
  3268 | D:3      | Reached skill level 6 in Maces & Flails
  3476 | D:4      | HP: 8/87 [orc/trident (2)]
  3784 | D:4      | Reached XP level 7. HP: 58/64 MP: 7/7
  3839 | D:4      | Reached skill level 7 in Fighting
  3858 | D:4      | HP: 4/66 [orc/flail (6)]
  4494 | D:4      | Reached skill level 3 in Armour
  4875 | D:4      | Noticed Pikel
  4891 | D:4      | Killed Pikel
  4891 | D:4      | Reached skill level 8 in Fighting
  4891 | D:4      | Reached skill level 7 in Maces & Flails
  4891 | D:4      | Reached skill level 4 in Armour
  4891 | D:4      | Reached XP level 8. HP: 74/74 MP: 8/8
  5027 | D:4      | Noticed Robin
  5035 | D:4      | Killed Robin
  5047 | D:4      | Reached **** piety under Trog
  5288 | D:4      | Reached skill level 5 in Armour
  5515 | D:5      | Entered Level 5 of the Dungeon
  5740 | D:5      | Noticed Sigmund
  5754 | D:5      | Killed Sigmund
  5754 | D:5      | Reached skill level 9 in Fighting
  5754 | D:5      | Reached skill level 8 in Maces & Flails
  5947 | D:5      | Found a staircase to the Ecumenical Temple.
  5955 | D:5      | Noticed Menkaure
  5962 | D:5      | Killed Menkaure
  6184 | D:5      | Reached XP level 9. HP: 84/84 MP: 9/9
  6345 | D:6      | Found a white marble altar of Elyvilon.
  6349 | D:6      | Noticed Grinder
  6374 | D:5      | Reached skill level 10 in Fighting
  6399 | D:5      | Reached skill level 9 in Maces & Flails
  7009 | D:6      | Killed Grinder
  7387 | D:6      | Reached ***** piety under Trog
  7496 | D:6      | Reached skill level 10 in Maces & Flails
  7530 | D:6      | Got a bloodstained helmet
  7542 | D:6      | Reached skill level 11 in Fighting
  7709 | D:6      | Identified the +0 helmet of Midwinter {rN+} (You found it on level 6 of the Dungeon)
  7827 | D:6      | Gained mutation: Your movements are slightly less encumbered by armour. (ER -2) [potion of mutation]
  7827 | D:6      | Gained mutation: Your body sometimes deteriorates upon taking damage. [potion of mutation]
  7827 | D:6      | Gained mutation: You have a pair of small horns on your head. [potion of mutation]
  8081 | D:7      | Reached skill level 1 in Shields
  8085 | D:7      | Reached XP level 10. HP: 96/96 MP: 10/10
  8088 | D:7      | Reached skill level 2 in Shields
  8195 | D:7      | Reached skill level 6 in Armour
  8281 | D:7      | Reached skill level 3 in Shields
  8810 | D:7      | Found a shimmering altar of Xom.
  9207 | D:8      | Found Tawi's Gadget Emporium.
  9243 | D:8      | Reached skill level 4 in Shields
  9273 | D:8      | Reached skill level 11 in Maces & Flails
  9631 | D:8      | Noticed Jazqa's ghost (novice MiFi)
  9648 | D:8      | Killed Jazqa's ghost
  9648 | D:8      | Reached skill level 12 in Fighting
  9648 | D:8      | Reached skill level 7 in Armour
 10084 | D:9      | Reached skill level 5 in Shields
 10251 | D:9      | Noticed a two-headed ogre
 10258 | D:9      | Reached XP level 11. HP: 104/104 MP: 11/11
 10260 | D:9      | Received a gift from Trog
 10264 | D:9      | Killed a two-headed ogre
 10368 | D:9      | Found a glowing golden altar of the Shining One.
 10560 | D:9      | Found a sparkling altar of Nemelex Xobeh.
 10621 | D:10     | Entered Level 10 of the Dungeon
 11029 | D:10     | Reached skill level 8 in Armour
 11312 | D:10     | Found a blossoming altar of Fedhas.
 11392 | D:10     | Noticed Josephine
 11405 | D:10     | Killed Josephine
 11405 | D:10     | Reached skill level 6 in Shields
 11409 | D:10     | Reached skill level 2 in Dodging
 11994 | D:10     | Lost mutation: Your body sometimes deteriorates upon taking damage. [potion of mutation]
 11994 | D:10     | Lost mutation: You have a pair of small horns on your head. [potion of mutation]
 11994 | D:10     | Lost mutation: Your movements are slightly less encumbered by armour. (ER -2) [potion of mutation]
 11994 | D:10     | Gained mutation: You are somewhat resistant to further mutation. [potion of mutation]
 12406 | D:11     | Killed an unseen horror
 12406 | D:11     | Reached skill level 13 in Fighting
 12406 | D:11     | Reached skill level 12 in Maces & Flails
 12864 | D:11     | Received a gift from Trog
 12864 | D:11     | Reached skill level 3 in Dodging
 12906 | D:11     | Got a twitching wooden ring
 12913 | D:11     | Identified the ring "Axaer" {Fire rPois Str+6 Int-3 Stlth+} (You found it on level 11 of the Dungeon)
 13019 | D:11     | Noticed a cyan ugly thing
 13042 | D:11     | Killed a cyan ugly thing
 13042 | D:11     | Reached skill level 7 in Shields
 13258 | D:11     | Found a staircase to the Lair.
 13406 | Lair:1   | Entered Level 1 of the Lair of Beasts
 13529 | Lair:1   | Reached skill level 9 in Armour
 13537 | Lair:1   | Noticed Sonja
 13557 | Lair:1   | Killed Sonja
 13567 | Lair:1   | Reached XP level 12. HP: 104/115 MP: 12/12
 13781 | Lair:1   | Noticed Fannar
 13808 | Lair:1   | Killed Fannar
 14231 | Lair:2   | Found a staircase to the Shoals.
 14356 | Lair:2   | Noticed Erica
 14362 | Lair:2   | Reached skill level 4 in Dodging
 14372 | Lair:2   | Killed Erica
 14504 | Lair:2   | Reached skill level 8 in Shields
 14661 | Lair:2   | Noticed a naga sharpshooter
 14697 | Lair:2   | Killed a naga sharpshooter
 14939 | Lair:2   | Found a staircase to the Snake Pit.
 14999 | Lair:3   | Reached skill level 10 in Armour
 15342 | Lair:3   | Lost mutation: You are somewhat resistant to further mutation. [potion of mutation]
 15342 | Lair:3   | Gained mutation: You are clumsy. (Dex -2) [potion of mutation]
 15342 | Lair:3   | Gained mutation: You have a pair of small horns on your head. [potion of mutation]
 15342 | Lair:3   | Gained mutation: Your mind is acute. (Int +2) [potion of mutation]
 15342 | Lair:3   | Gained mutation: Your flesh is cold resistant. (rC+) [potion of mutation]
 15474 | Lair:3   | Noticed a six-headed hydra
 15484 | Lair:3   | Killed a six-headed hydra
 15484 | Lair:3   | Reached skill level 14 in Fighting
 15488 | Lair:3   | Noticed a five-headed hydra
 15501 | Lair:3   | Killed a five-headed hydra
 15501 | Lair:3   | Reached skill level 5 in Dodging
 16217 | Lair:4   | Reached skill level 9 in Shields
 16355 | Lair:4   | Reached XP level 13. HP: 94/125 MP: 13/13
 17240 | Lair:5   | Reached skill level 11 in Armour
 17295 | Lair:5   | Reached skill level 6 in Dodging
 17312 | Lair:5   | Received a gift from Trog
 17659 | Lair:5   | Identified a scarf of resistance (You found it on level 5 of the Lair of Beasts)
 18164 | Lair:5   | Reached skill level 15 in Fighting
 18478 | Lair:6   | Entered Level 6 of the Lair of Beasts
 18485 | Lair:6   | Found a staircase to the Slime Pits.
 18897 | Lair:6   | Paralysed by a hornet for 1 turns
 19003 | Lair:6   | Paralysed by a hornet for 2 turns
 19267 | Lair:6   | Found a runed door.
 19297 | Lair:6   | Reached skill level 7 in Dodging
 19628 | Lair:6   | Reached skill level 12 in Armour
 20279 | Lair:6   | Reached XP level 14. HP: 94/136 MP: 14/14
 20303 | Lair:6   | Received a gift from Trog
 20801 | Lair:6   | Got a pair of pitted gloves
 20818 | Lair:6   | Reached skill level 16 in Fighting
 20832 | Lair:6   | Reached skill level 8 in Dodging
 21320 | Lair:6   | Reached skill level 13 in Armour
 21898 | Lair:6   | Identified the +5 pair of gloves of the Planets {+Inv Str+4 Slay+3} (You found it on level 6 of the Lair of Beasts)
 22415 | D:12     | Found a flickering gateway to a bazaar.
 22424 | Bazaar   | Entered a bazaar
 22426 | Bazaar   | Found Efach's Armour Boutique.
 22430 | Bazaar   | Found Iso Qala's Book Boutique.
 22430 | Bazaar   | Found Kugha's Distillery.
 22430 | Bazaar   | Found Vakkis's Book Boutique.
 22451 | Bazaar   | Bought a potion of mutation for 128 gold pieces
 22452 | Bazaar   | Lost mutation: You have a pair of small horns on your head. [potion of mutation]
 22452 | Bazaar   | Lost mutation: You are clumsy. (Dex -2) [potion of mutation]
 22452 | Bazaar   | Lost mutation: Your mind is acute. (Int +2) [potion of mutation]
 22452 | Bazaar   | Gained mutation: You are agile. (Dex +2) [potion of mutation]
 22452 | Bazaar   | Gained mutation: Your muscles are strong. (Str +2) [potion of mutation]
 22452 | Bazaar   | Gained mutation: You are robust. (+10% HP) [potion of mutation]
 22487 | Bazaar   | Bought a +1 hat of magic resistance for 256 gold pieces
 22503 | Bazaar   | Bought a potion of haste for 160 gold pieces
 22503 | Bazaar   | Bought a potion of cancellation for 128 gold pieces
 22541 | D:12     | Identified Sydosch Onerph's Reference Book on Envenoming and Stones
 22686 | D:12     | Received a gift from Trog
 22841 | D:12     | Found a staircase to the Orcish Mines.
 23075 | Orc:1    | Entered Level 1 of the Orcish Mines
 23100 | Orc:1    | Found Pacri's Food Shoppe.
 23192 | Orc:1    | Found Opsyapah's Antique Armour Emporium.
 23218 | Orc:1    | You fall through a shaft!
 23218 | Orc:2    | Entered Level 2 of the Orcish Mines
 23296 | Orc:1    | Bought a bloodstained plate armour for 784 gold pieces
 23307 | Orc:1    | Identified the +2 plate armour "Xuudowy" {Dex+3 Stlth+} (You bought it in a shop on level 1 of the Orcish Mines)
 23345 | Orc:1    | Found Xuvugeir's Jewellery Shoppe.
 23494 | Orc:2    | Noticed Rupert
 23507 | Orc:2    | Killed Rupert
 23614 | Orc:2    | Found Icsah's Weapon Boutique.
 23710 | Orc:2    | Found a staircase to the Elven Halls.
 24417 | Orc:2    | Reached skill level 9 in Dodging
 24690 | Orc:2    | Found Qishaq Duulu's Gadget Shoppe.
 24692 | Orc:2    | Found Lisse's Book Emporium.
 24702 | Orc:2    | Reached XP level 15. HP: 153/160 MP: 15/15
 24706 | Orc:2    | Found Bophan's Distillery.
 24707 | Orc:2    | Found Cohohit's Jewellery Shoppe.
 24725 | Orc:2    | Bought an uncursed ring of protection from magic for 375 gold pieces
 25015 | D:13     | Reached ****** piety under Trog
 25024 | D:13     | Received a gift from Trog
 25029 | D:13     | Reached skill level 17 in Fighting
 25083 | D:13     | Reached skill level 14 in Armour
 25406 | D:13     | Identified a scroll of acquirement
 26150 | D:14     | Found a gate to the Vaults.
 26179 | D:14     | Reached skill level 13 in Maces & Flails
 26897 | D:14     | Received a gift from Trog
 26905 | D:14     | Got a brightly glowing mace {god gift}
 26908 | D:14     | Identified the +6 mace of the Middle {venom, Fragile rN++ Str+7} (Trog gifted it to you on level 14 of the Dungeon)
 27448 | D:15     | Entered Level 15 of the Dungeon
 27662 | D:15     | Found a staircase to the Depths.
 27946 | D:15     | Reached skill level 10 in Dodging
 28001 | D:15     | Found a frozen archway.
 28016 | IceCv    | Entered an ice cave
 28337 | IceCv    | Got a warped scale mail
 28357 | IceCv    | Identified the +5 scale mail of Bemmikh {*Corrode rElec rN++ Slay+2} (You found it in an ice cave)
 28572 | D:15     | Reached XP level 16. HP: 172/172 MP: 16/16
 28632 | D:15     | Reached skill level 18 in Fighting
 28664 | D:15     | Reached skill level 15 in Armour
 28965 | D:15     | Got an ancient plate armour
 28977 | D:15     | Identified the cursed +1 plate armour "Defahu" {rElec rF+ rC- rN++} (You found it on level 15 of the Dungeon)
 29144 | Shoals:1 | Entered Level 1 of the Shoals
 29342 | Shoals:1 | Received a gift from Trog
 29439 | Shoals:1 | Reached skill level 14 in Maces & Flails
 29443 | Shoals:1 | HP: 23/258 [faun/spear (6)]
 29449 | Shoals:1 | HP: 13/172 [merfolk/trident (4)]
 29881 | Shoals:1 | Received a gift from Trog
 29887 | Shoals:1 | Reached skill level 10 in Shields
 29935 | Shoals:1 | You fall through a shaft!
 31764 | Shoals:2 | Received a gift from Trog
 31921 | Shoals:3 | Found Keblaid's Antique Weapon Emporium.
 32130 | Shoals:3 | Reached skill level 11 in Dodging
 32137 | Shoals:3 | Reached XP level 17. HP: 165/182 MP: 17/17
 32422 | Shoals:3 | Noticed Donald
 32436 | Shoals:3 | Killed Donald
 32742 | Shoals:3 | Noticed Bai Suzhen
 32768 | Shoals:3 | Killed Bai Suzhen
 32768 | Shoals:3 | Reached skill level 11 in Shields
 33077 | Shoals:3 | Noticed a kraken
 33097 | Shoals:3 | Killed a kraken
 33097 | Shoals:3 | Reached skill level 16 in Armour
 33283 | Shoals:4 | Entered Level 4 of the Shoals
 33306 | Shoals:4 | Noticed Aizul
 33309 | Shoals:4 | Noticed Ilsuiw
 33314 | Shoals:4 | Killed Aizul
 33336 | Shoals:4 | Reached skill level 19 in Fighting
 33337 | Shoals:4 | Killed Ilsuiw
 33532 | Shoals:4 | Got a pitted iron amulet
 33591 | Shoals:4 | Reached skill level 15 in Maces & Flails
 33698 | Shoals:4 | Identified the amulet "Keczuwolo" {Gourm rN++ Str+2 Dex-3} (You took it off a merfolk on level 4 of the Shoals)
 34760 | Shoals:4 | Noticed Polyphemus
 34804 | Shoals:4 | HP: 13/184 [Polyphemus (8)]
 35727 | Shoals:4 | Killed Polyphemus
 36120 | Shoals:4 | Got a barnacled rune of Zot
 36256 | Shoals:4 | Reached XP level 18. HP: 182/193 MP: 18/18
 36446 | Snake:1  | Entered Level 1 of the Snake Pit
 36496 | Snake:1  | Noticed Nikola
 36511 | Snake:1  | Killed Nikola
 36656 | Snake:1  | Noticed Louise
 36674 | Snake:1  | Killed Louise
 36782 | Snake:1  | Reached skill level 12 in Shields
 37265 | Snake:1  | Reached skill level 12 in Dodging
 38185 | Snake:2  | Received a gift from Trog
 39268 | Snake:3  | Reached skill level 17 in Armour
 39616 | Snake:3  | Reached skill level 16 in Maces & Flails
 39626 | Snake:3  | Reached skill level 20 in Fighting
 39868 | Snake:3  | Received a gift from Trog
 39903 | Snake:3  | Reached skill level 13 in Shields
 39903 | Snake:3  | Reached XP level 19. HP: 164/203 MP: 19/19
 39974 | Snake:3  | Found Moyfro's Gadget Boutique.
 39975 | Snake:3  | Found Vyesuun's Jewellery Emporium.
 39975 | Snake:3  | Found Boam's Jewellery Emporium.
 40421 | Snake:4  | Entered Level 4 of the Snake Pit
 40621 | Snake:4  | Noticed Vashnia
 40938 | Snake:4  | Killed Vashnia
 41888 | Snake:4  | Received a gift from Trog
 42235 | Snake:4  | Identified a potion of resistance
 42448 | Snake:4  | Reached skill level 13 in Dodging
 42483 | Snake:4  | Received a gift from Trog
 42483 | Snake:4  | Reached skill level 14 in Shields
 43240 | Snake:4  | Reached skill level 18 in Armour
 43254 | Snake:4  | Reached XP level 20. HP: 171/214 MP: 20/20
 43590 | Snake:4  | Got a serpentine rune of Zot
 43962 | Vaults:1 | Entered Level 1 of the Vaults
 44092 | Vaults:1 | Received a gift from Trog
 44439 | Vaults:1 | Reached skill level 21 in Fighting
 44723 | Vaults:1 | Received a gift from Trog
 45039 | Vaults:1 | Found Ytayl's Magic Scroll Boutique.
 45393 | Vaults:1 | Got a crude ring mail
 45395 | Vaults:1 | Identified the cursed +0 ring mail "Jugriduq" {rElec Regen+} (You found it on level 1 of the Vaults)
 45768 | Vaults:2 | Found a flickering gateway to a bazaar.
 45879 | Bazaar   | Entered a bazaar
 45896 | Bazaar   | Found Pile's Weapon Emporium.
 45911 | Bazaar   | Found Ejideadgh's Armour Shoppe.
 45926 | Bazaar   | Found Riwagidd's Jewellery Shoppe.
 45926 | Bazaar   | Found Otisogg's Magic Scroll Emporium.
 45930 | Bazaar   | Bought a scroll of summoning for 171 gold pieces
 45969 | Vaults:2 | Found Qoodus's Antique Weapon Shop.
 45976 | Vaults:2 | Reached skill level 15 in Shields
 46242 | Vaults:2 | Received a gift from Trog
 46251 | Vaults:2 | Got a crystal morningstar {god gift}
 46255 | Vaults:2 | Identified the +4 morningstar "Hellblazer" {venom, +Rage rPois rC+++ Stlth-} (Trog gifted it to you on level 2 of the Vaults)
 46296 | Vaults:2 | Got a coiled zirconium amulet
 46297 | Vaults:2 | Identified the amulet "Irouraf" {RegenMP *Slow rF++ Int+2 Slay+6} (You found it on level 2 of the Vaults)
 46317 | Vaults:2 | Found Faibowaum's Jewellery Shop.
 46393 | Vaults:2 | Bought the ring "Doux Tuifuc" {Wiz rF+ MR+ Str+2} for 1129 gold pieces
 46908 | Vaults:2 | Found a staircase to the Crypt.
 46958 | Vaults:2 | Reached XP level 21. HP: 212/225 MP: 21/21
 47092 | Vaults:2 | Found Daiclito's General Store.
 47100 | Vaults:2 | Reached skill level 14 in Dodging
 47119 | Vaults:2 | Received a gift from Trog
 47138 | Vaults:2 | Bought a potion of resistance for 190 gold pieces
 47159 | Vaults:2 | Found Viysikasch's Weapon Shoppe.
 47700 | Vaults:3 | Received a gift from Trog
 47700 | Vaults:3 | Reached skill level 19 in Armour
 48292 | Vaults:3 | Noticed Saint Roka
 48322 | Vaults:3 | Killed Saint Roka
 48701 | Vaults:4 | Noticed Boris
 48721 | Vaults:4 | Killed Boris
 48797 | Vaults:4 | Reached skill level 16 in Shields
 48865 | Vaults:4 | Reached skill level 22 in Fighting
 48922 | Vaults:4 | Noticed a golden dragon
 48941 | Vaults:4 | Killed a golden dragon
 49436 | Vaults:4 | Received a gift from Trog
 49955 | Vaults:4 | Reached XP level 22. HP: 237/237 MP: 22/22
 50438 | Vaults:4 | Received a gift from Trog
 50494 | Vaults:5 | Entered Level 5 of the Vaults
 50728 | Vaults:4 | Reached skill level 17 in Shields
 50893 | Vaults:4 | Reached skill level 15 in Dodging
 50935 | Vaults:4 | Reached skill level 20 in Armour
 51024 | Vaults:5 | Noticed an ancient lich
 51045 | Vaults:5 | Killed an ancient lich
 51064 | Vaults:5 | Received a gift from Trog
 51069 | Vaults:5 | Noticed a golden dragon
 51108 | Vaults:5 | Killed a golden dragon
 51255 | Vaults:5 | Reached skill level 23 in Fighting
 51432 | Vaults:5 | Paralysed by a floating eye for 2 turns
 51461 | Vaults:5 | Reached XP level 23. HP: 136/248 MP: 23/23
 51516 | Vaults:5 | Got a silver rune of Zot
 51687 | Vaults:5 | Received a gift from Trog
 51893 | Vaults:5 | Noticed an ancient lich
 51918 | Vaults:5 | Killed an ancient lich
 51918 | Vaults:5 | Reached skill level 18 in Shields
 53119 | Depths:1 | Entered Level 1 of the Depths
 53436 | Depths:1 | Received a gift from Trog
 53444 | Depths:1 | Reached skill level 21 in Armour
 53526 | Depths:1 | Reached skill level 16 in Dodging
 53621 | Depths:1 | Found a gateway to Hell.
 53639 | Depths:1 | Received a gift from Trog
 53833 | Depths:1 | Found a radiant altar of Vehumet.
 53849 | Depths:1 | Got a faintly humming hat
 53861 | Depths:1 | Identified the +3 hat of Pleasant Breezes {rC+ Str+2} (You found it on level 1 of the Depths)
 53905 | Depths:1 | Got a polished hat
 53917 | Depths:1 | Identified the +1 hat of the Salmon {Dex+4} (You found it on level 1 of the Depths)
 54121 | Depths:2 | Reached XP level 24. HP: 260/260 MP: 23/23
 54457 | Depths:2 | Reached skill level 24 in Fighting
 54597 | Depths:2 | Received a gift from Trog
 54696 | Depths:2 | Found a one-way gate to the infinite horrors of the Abyss.
 54832 | Depths:2 | Received a gift from Trog
 55091 | Depths:2 | Received a gift from Trog
 55124 | Depths:2 | Paralysed by a floating eye for 4 turns
 55138 | Depths:2 | Paralysed by a floating eye for 4 turns
 55146 | Depths:2 | Paralysed by a floating eye for 3 turns
 55500 | Depths:2 | Noticed an ancient lich
 55517 | Depths:2 | Killed an ancient lich
 55517 | Depths:2 | Received a gift from Trog
 55517 | Depths:2 | Reached skill level 19 in Shields
 56014 | Depths:3 | Noticed Margery
 56032 | Depths:3 | Noticed the Enchantress
 56045 | Depths:3 | Killed Margery
 56144 | Depths:3 | Killed the Enchantress
 56216 | Depths:3 | Found a one-way gate leading to the halls of Pandemonium.
 56236 | Depths:3 | Reached skill level 17 in Maces & Flails
 56265 | Depths:3 | Noticed Xtahua
 56286 | Depths:3 | Killed Xtahua
 56593 | Depths:3 | Identified Rites and Rhymes in Simple Steps
 56657 | Depths:3 | Received a gift from Trog
 56731 | Depths:3 | Noticed Jory
 56793 | Depths:3 | Killed Jory
 56991 | Depths:3 | Got a fine war axe {venom}
 57164 | Depths:3 | Reached XP level 25. HP: 233/271 MP: 23/23
 57296 | Depths:3 | Got a distressingly furry hat
 57733 | Depths:3 | Identified the +1 hat "Loppanwuex" {rPois} (You found it on level 3 of the Depths)
 58105 | Depths:4 | Reached skill level 22 in Armour
 58311 | Depths:3 | Received a gift from Trog
 58482 | Depths:3 | Reached skill level 17 in Dodging
 59038 | Depths:4 | Reached skill level 20 in Shields
 59125 | Depths:4 | Found a gateway to a ziggurat.
 59371 | Depths:4 | Reached skill level 25 in Fighting
 59390 | Depths:5 | Entered Level 5 of the Depths
 59559 | Depths:5 | Received a gift from Trog
 59789 | Depths:5 | Found a gate to the Realm of Zot.
 60091 | Depths:5 | Found Paiwn's Assorted Antiques.
 60093 | Depths:5 | Noticed Mennas
 60176 | Depths:5 | Killed Mennas
 60245 | Depths:5 | Bought a scroll of identify for 98 gold pieces
 60245 | Depths:5 | Bought a potion of heal wounds for 245 gold pieces
 60245 | Depths:5 | Bought a potion of heal wounds for 245 gold pieces
 60670 | Zot:1    | Entered Level 1 of the Realm of Zot
 60782 | Zot:1    | HP: 27/275 [storm dragon (5)]
 60792 | Zot:1    | Reached XP level 26. HP: 137/283 MP: 23/23
 61260 | Zot:1    | Received a gift from Trog
 62221 | Zot:2    | Noticed an orb of fire
 62224 | Zot:2    | Lost mutation: You are robust. (+10% HP) [an orb of fire]
 62239 | Zot:2    | Gained mutation: You occasionally shout uncontrollably at your foes. [an orb of fire]
 62242 | Zot:2    | Lost mutation: You are agile. (Dex +2) [an orb of fire]
 62246 | Zot:2    | Gained mutation: Your magical capacity is low. (-10% MP) [an orb of fire]
 62247 | Zot:2    | Gained mutation: Your magical capacity is very low. (-20% MP) [an orb of fire]
 62254 | Zot:2    | Gained mutation: You are dopey. (Int -2) [an orb of fire]
 62259 | Zot:2    | Killed an orb of fire
 62264 | Zot:2    | Lost mutation: Your magical capacity is very low. (-20% MP) [potion of mutation]
 62264 | Zot:2    | Lost mutation: Your muscles are strong. (Str +2) [potion of mutation]
 62264 | Zot:2    | Gained mutation: You sometimes yell uncontrollably at your foes. [potion of mutation]
 62264 | Zot:2    | Gained mutation: Your body sometimes deteriorates upon taking damage. [potion of mutation]
 62264 | Zot:2    | Gained mutation: Your muscles are strong. (Str +2) [potion of mutation]
 62378 | Zot:2    | Reached skill level 23 in Armour
 62617 | Zot:2    | Received a gift from Trog
 62635 | Zot:2    | Reached skill level 21 in Shields
 62918 | Zot:2    | Reached skill level 18 in Dodging
 63370 | Zot:2    | Reached skill level 26 in Fighting
 63989 | Zot:3    | Reached XP level 27. HP: 263/269 MP: 20/20
 64325 | Zot:3    | Noticed an electric golem
 64355 | Zot:3    | Killed an electric golem
 64379 | Zot:3    | Lost mutation: You are dopey. (Int -2) [potion of mutation]
 64379 | Zot:3    | Lost mutation: Your muscles are strong. (Str +2) [potion of mutation]
 64379 | Zot:3    | Lost mutation: Your body sometimes deteriorates upon taking damage. [potion of mutation]
 64379 | Zot:3    | Lost mutation: Your magical capacity is low. (-10% MP) [potion of mutation]
 64379 | Zot:3    | Gained mutation: Your mind is acute. (Int +2) [potion of mutation]
 64379 | Zot:3    | Gained mutation: You are partially covered in iridescent scales. (AC +2) [potion of mutation]
 64379 | Zot:3    | Gained mutation: You have very sharp teeth. [potion of mutation]
 64730 | Zot:3    | Received a gift from Trog
 64741 | Zot:3    | Got a bloodstained chain mail
 64744 | Zot:3    | Identified the +2 chain mail of the Old World {+Inv rElec Slay-2} (You found it on level 3 of the Realm of Zot)
 65911 | Zot:5    | Entered Level 5 of the Realm of Zot
 66388 | Zot:5    | Noticed an orb of fire
 66396 | Zot:5    | Noticed an orb of fire
 66398 | Zot:5    | Noticed an ancient lich
 66398 | Zot:5    | Gained mutation: Your body sometimes deteriorates upon taking damage. [an orb of fire]
 66398 | Zot:5    | Gained mutation: You are frail. (-10% HP) [an orb of fire]
 66405 | Zot:5    | Noticed an electric golem
 66407 | Zot:5    | Gained mutation: You expend magic power (3 MP) to strengthen your wands. [an orb of fire]
 66407 | Zot:5    | Gained mutation: You are very frail. (-20% HP) [an orb of fire]
 66408 | Zot:5    | Noticed an ancient lich
 66409 | Zot:5    | Gained mutation: You are weak. (Str -2) [an orb of fire]
 66411 | Zot:5    | Lost mutation: Your mind is acute. (Int +2) [an orb of fire]
 66411 | Zot:5    | Lost mutation: You are weak. (Str -2) [an orb of fire]
 66413 | Zot:5    | Killed an orb of fire
 66419 | Zot:5    | Noticed an orb of fire
 66430 | Zot:5    | HP: 21/216 [orb of fire/fireball (5)]
 66431 | Zot:5    | Noticed an orb of fire
 66431 | Zot:5    | Noticed an orb of fire
 66431 | Zot:5    | Noticed an orb of fire
 66431 | Zot:5    | Noticed an electric golem
 66431 | Zot:5    | Noticed an orb of fire
 66434 | Zot:5    | Slain by an Orb Guardian

Vanquished Creatures
  2 orbs of fire
  3 ancient liches
  Mennas (Depths:5)
  Boris (Vaults:4)
  Bai Suzhen (Shoals:3)
  Saint Roka (Vaults:3)
  Vashnia (Snake:4)
  Xtahua (Depths:3)
  11 golden dragons
  the Enchantress (Depths:3)
  Nikola (Snake:1)
  A bone dragon (Zot:1)
  An electric golem (Zot:3)
  Rupert (Orc:2)
  5 liches
  7 Orb Guardians (Zot:5)
  13 tentacled monstrosities
  5 quicksilver dragons
  A kraken (Shoals:3)
  3 titans
  Polyphemus (Shoals:4)
  4 sphinxes
  9 death cobs
  8 shadow dragons
  Donald (Shoals:3)
  10 nagarajas
  6 tengu reavers
  3 draconian monks
  8 storm dragons
  2 ghost moths (Depths:3)
  6 fire giants
  3 iron dragons
  16 frost giants
  12 vault wardens
  Louise (Snake:1)
  6 draconian knights
  8 draconian shifters
  A deep elf elementalist (Vaults:5)
  9 draconian scorchers
  16 ironheart preservers
  2 draconian stormcallers
  13 stone giants
  2 entropy weavers
  3 spriggan defenders (Depths:3)
  3 war gargoyles
  3 draconian annihilators
  6 very ugly things
  12 green draconians
  3 deep elf demonologists (Vaults:4)
  18 black draconians
  A deep elf annihilator (Vaults:5)
  5 vampire knights
  6 purple draconians
  5 spark wasps
  5 yellow draconians
  10 white draconians
  8 red draconians
  A merfolk javelineer (Shoals:2)
  2 deep elf death magi
  2 eidola
  13 ettins
  5 merfolk impalers
  4 deep elf high priests
  5 fire dragons
  7 great orbs of eyes
  24 yaktaur captains
  11 ice dragons
  2 rakshasas
  30 vault guards
  Josephine (D:10)
  Fannar (Lair:1)
  2 catoblepae
  15 naga warriors
  5 hydras
  10 centaur warriors
  4 spriggan air magi
  4 death knights
  21 anacondas
  Erica (Lair:2)
  35 two-headed ogres
  An anaconda (shapeshifter) (Depths:3)
  2 merfolk aquamancers (Shoals:4)
  3 merfolk avatars
  3 deep troll shamans
  A satyr (Shoals:3)
  14 ogre magi
  6 tengu warriors
  2 alligator snapping turtles
  5 deep troll earth magi
  3 death yaks (Shoals:4)
  9 shock serpents
  15 naga sharpshooters
  4 dancing weapons
  3 vampire magi
  4 soul eaters
  6 orc high priests
  7 spriggan berserkers
  The ghost of Jazqa the Fighter, a novice MiFi of Elyvilon (D:8)
  13 hell knights
  8 deep elf knights
  6 salamander mystics (Snake:4)
  18 deep trolls
  19 sea snakes
  A spectral anaconda (Depths:2)
  8 shadow wraiths
  3 glowing orange brains
  3 iron trolls
  3 unseen horrors
  4 skeletal warriors (Vaults:2)
  A shadow demon (Depths:3)
  10 flayed ghosts
  7 lindwurms
  A spectral minotaur (Depths:2)
  4 deep elf archers
  8 phantasmal warriors
  An orange crystal statue (Depths:2)
  13 ironbrand convokers
  13 naga ritualists
  Pikel (D:4)
  4 wizards
  23 mana vipers
  2 necromancers
  9 orc knights
  A wolf spider zombie (D:14)
  17 harpies
  15 deep elf magi
  12 fauns
  2 wolf spiders
  11 manticores
  An orc sorcerer (Orc:2)
  52 ugly things
  13 cyclopes
  A salamander (shapeshifter) (Vaults:2)
  2 moths of wrath (shapeshifter)
  6 salamanders
  An elephant (Lair:4)
  A faun (shapeshifter) (Vaults:4)
  A guardian serpent (shapeshifter) (Depths:3)
  8 water nymphs
  25 moths of wrath
  3 ice statues (IceCv)
  31 naga magi
  A smoke demon (Depths:3)
  2 black mambas (shapeshifter) (Depths:1)
  54 black mambas
  9 merfolk sirens
  An orange demon (Depths:3)
  8 guardian serpents
  A torpor snail (shapeshifter) (Vaults:4)
  12 vault sentinels
  5 torpor snails (Lair:6)
  2 gargoyles
  2 kobold demonologists
  A spiny frog (shapeshifter) (Vaults:1)
  2 rime drakes
  8 spiny frogs
  64 yaktaurs
  2 komodo dragons (shapeshifter)
  5 spectral merfolk (Depths:2)
  4 komodo dragons
  10 freezing wraiths
  A yaktaur (shapeshifter) (Vaults:4)
  2 anaconda simulacra (Depths:2)
  A redback zombie (D:14)
  4 tengu conjurers
  8 ice devils (IceCv)
  A jumping spider (shapeshifter) (Depths:3)
  8 trolls
  A troll (shapeshifter) (Vaults:5)
  18 merfolk
  A wind drake (Shoals:4)
  3 polar bears (shapeshifter)
  5 polar bears
  14 hornets
  3 tyrant leeches (Lair:6)
  4 raiju
  Grinder (D:6)
  2 blink frogs (shapeshifter)
  59 slime creatures
  7 hippogriffs
  4 dream sheep (Shoals:2)
  12 blink frogs
  A meliai zombie (D:10)
  2 hippogriffs (shapeshifter)
  A harpy skeleton (D:15)
  12 snapping turtles
  15 wraiths
  A flying skull (Vaults:2)
  A redback (shapeshifter) (Vaults:3)
  Sigmund (D:5)
  2 air elementals (Depths:4)
  4 redbacks
  2 vampires
  15 shadows
  2 tarantellas (Vaults:3)
  25 water elementals
  6 spriggans
  A human (D:7)
  5 basilisks
  3 fire bats (Lair:6)
  3 wyverns
  A yak (shapeshifter) (Vaults:2)
  25 yaks
  3 hogs (D:7)
  A human simulacrum (Vaults:1)
  A hungry ghost (D:14)
  A steam dragon (D:15)
  16 vampire mosquitoes
  Menkaure (D:5)
  5 acid dragons
  54 nagas
  A naga (shapeshifter) (Vaults:5)
  A soldier ant (D:14)
  16 water moccasins
  10 wargs
  A spectral troll (Depths:2)
  29 hell hounds
  2 spectral spriggans (Depths:2)
  A hydra simulacrum (Depths:2)
  A floating eye (Depths:2)
  A slave (D:4)
  36 orc warriors
  4 porcupines
  7 black bears
  6 ice beasts
  4 necrophages (D:10)
  39 wolves
  5 sky beasts
  The ghost of HammerPanzer the Cudgeler, an amateur DrBe of Trog (D:3)
  2 phantoms
  An eye of draining (D:13)
  A boggart (shapeshifter) (Depths:4)
  28 centaurs
  35 ogres
  6 boggarts
  9 crocodiles
  2 big kobolds (D:10)
  23 bullfrogs
  A merfolk simulacrum (Depths:2)
  4 scorpions
  4 spectral nagas (Depths:2)
  14 wights
  11 killer bees
  A spectral ogre (Depths:2)
  A howler monkey (D:5)
  2 spectral centaurs (Depths:2)
  2 electric eels
  3 centaur zombies
  4 bullfrog zombies
  8 crimson imps
  A draconian simulacrum (IceCv)
  27 orc priests
  5 hounds
  6 jellies
  2 bullfrog skeletons
  2 centaur skeletons
  2 iguanas
  19 orc wizards
  14 worker ants
  Natasha (D:3)
  3 spriggan simulacra (IceCv)
  2 troll simulacra (IceCv)
  3 centaur simulacra (IceCv)
  3 hound skeletons
  3 howler monkey zombies
  A worker ant zombie (D:10)
  Robin (D:4)
  13 gnolls
  A howler monkey skeleton (D:9)
  22 adders
  A naga simulacrum (IceCv)
  4 shadow imps
  6 oozes (D:4)
  7 worms
  2 dart slugs
  7 leopard geckos
  94 orcs
  6 bats (D:2)
  6 giant cockroaches
  15 goblins
  8 hobgoblins
  14 jackals
  8 quokkas
  6 ball pythons
  2 frilled lizards (D:1)
  16 kobolds
  A leopard gecko skeleton (D:4)
  A quokka skeleton (D:7)
  7 rats
2207 creatures vanquished.

Vanquished Creatures (collateral kills)
  Jory (Depths:3)
  An Orb Guardian (Zot:5)
  A tengu reaver (Vaults:5)
  A death cob (Zot:5)
  A fire giant (Vaults:2)
  A shadow dragon (Vaults:5)
  Ilsuiw (Shoals:4)
  Aizul (Shoals:4)
  A draconian shifter (Zot:2)
  2 draconian stormcallers (Zot:5)
  A draconian annihilator (Zot:2)
  A green draconian (Zot:5)
  A spark wasp (Depths:4)
  A purple draconian (Zot:5)
  A merfolk javelineer (Shoals:4)
  2 white draconians
  4 merfolk impalers (Shoals:4)
  A hydra (Lair:6)
  A naga warrior (Snake:1)
  2 vault guards (D:14)
  2 anacondas (Snake:4)
  A two-headed ogre (D:14)
  3 merfolk aquamancers
  A glowing orange brain (Depths:4)
  2 ironbrand convokers (Vaults:2)
  5 harpies (Shoals:3)
  3 fauns
  An ugly thing (D:11)
  A manticore (Shoals:4)
  A merfolk siren (Shoals:1)
  A black mamba (Snake:1)
  A spiny frog (Lair:3)
  5 polar bears (Lair:6)
  8 merfolk
  A jumping spider (shapeshifter) (Vaults:5)
  2 blink frogs (Lair:3)
  A hippogriff (D:14)
  A snapping turtle (Shoals:1)
  A shadow (Depths:3)
  6 dream sheep (Lair:6)
  A water elemental (Shoals:1)
  8 yaks (Lair:5)
  A warg (Lair:6)
  A naga (Snake:1)
  A hell hound (Lair:6)
  2 water moccasins
  3 orc warriors (Orc:2)
  6 black bears (Lair:6)
  12 wolves (Lair:5)
  A big kobold (D:11)
  4 bullfrogs
  2 jellies (D:11)
  An orc wizard (Orc:2)
  An orc priest (Orc:2)
  A worker ant (D:11)
  2 orcs (Orc:2)
  2 kobolds (D:11)
122 creatures vanquished.

Vanquished Creatures (others)
  Margery (Depths:3)
  An ironheart preserver (Vaults:4)
  A yellow draconian (Zot:2)
  A satyr (Shoals:3)
  A centaur warrior (Vaults:2)
  A hell hog (Depths:1)
  Sonja (Lair:1)
  A sea snake (Shoals:3)
  An ironbrand convoker (Vaults:2)
  A manticore (Shoals:4)
  2 fauns (Shoals:3)
  A moth of wrath (Zot:5)
  A spiny frog (Lair:2)
  2 kobold demonologists (D:12)
  A merfolk (Shoals:4)
  A golden eye (shapeshifter) (Vaults:2)
  A boggart (Depths:4)
  A centaur (D:8)
  2 big kobolds (D:12)
  2 orc priests (D:9)
  2 orc wizards (D:9)
  An orc (D:9)
  3 kobolds (D:12)
  3 bushes
  6 fungi
  63 plants
  7 tentacles (Shoals:3)
  9 toadstools (D:4)
118 creatures vanquished.

Grand Total: 2447 creatures vanquished
